 Dungeon Crawl Stone Soup version 0.28.0-53-g5a82cb258f (webtiles) character file.

Game seed: 608073030946344131

38 Infinimo the Cudgeller (level 3, -1/40 HPs)
             Began as an Ogre Gladiator on May 26, 2022.
             Slain by an adder (3 damage)
             ... on level 2 of the Dungeon.
             The game lasted 00:01:32 (1447 turns).

Infinimo the Cudgeller (Ogre Gladiator)             Turns: 1447, Time: 00:01:32

Health: -1/40      AC:  3    Str: 18    XL:     3   Next: 43%
Magic:  3/3        EV: 10    Int: 11    God:
Gold:   36         SH:  0    Dex: 14    Spells: 2/2 levels left

rFire   . . .      SeeInvis .   a - +0 flail
rCold   . . .      Faith    .   (no shield)
rNeg    . . .      Spirit   .   b - +0 robe
rPois   .          Reflect  .   c - +0 hat
rElec   .          Harm     .   (no cloak)
rCorr   .          Rampage  .   (gloves unavailable)
Will    .....                   (boots unavailable)
Stlth   +.........              (no amulet)
HPRegen 0.13/turn               (no ring)
MPRegen 0.08/turn               (no ring)

@: brilliant, lethally poisoned (-1 -> -5), invisible
A: large, unfitting armour, tough skin 1, agile 2, deterioration 1, robust 1
a: no special abilities


You were on level 2 of the Dungeon.
You visited 1 branch of the dungeon, and saw 3 of its levels.

You collected 36 gold pieces.

Inventory:

Hand Weapons
 a - a +0 flail (weapon)
Missiles
 d - 3 throwing nets (quivered)
Armour
 b - a +0 robe (worn)
 c - a +0 hat (worn)
Jewellery
 f - a ring of resist corrosion
Scrolls
 g - 3 scrolls of identify {unknown}
 i - a scroll of teleportation {unknown}
 k - a scroll of magic mapping {unknown}


   Skills:
 + Level 3.5 Fighting
 * Level 3.6 Maces & Flails
 - Level 2.0 Throwing
 - Level 2.6 Dodging


You had 2 spell levels left.
You didn't know any spells.
Your spell library was empty.

Dungeon Overview and Level Annotations

Branches:
Dungeon (3/15)

Altars:
Elyvilon


Innate Abilities, Weirdness & Mutations

You are too large for most types of armour.
You have tough skin. (AC +1)
You are very agile. (Dex +4)
Your body sometimes deteriorates upon taking damage.
You are robust. (+10% HP)


Message History

You feel sick. The adder bites you.
You are more poisoned.
The adder poisons you!
You climb upwards.
You feel very sick.
There is a stone staircase leading down here.
Okay, then.
You closely miss the adder.
You feel sick. The adder closely misses you. The adder bites you.
You closely miss the adder.
You feel sick. The adder closely misses you. The adder barely misses you.
You closely miss the adder.
You feel sick. The adder completely misses you.
You barely miss the adder.
You feel sick. The adder bites you.
You are more poisoned.
The adder poisons you! The adder bites you.
You are too injured to fight recklessly!
You are too injured to fight recklessly!
You are too injured to fight recklessly!
You closely miss the adder.
You feel sick.
The adder bites you but does no damage. x2
You miss the adder.
You feel sick. The adder bites you.
* * * LOW HITPOINT WARNING * * *
You are lethally poisoned!
The adder poisons you!
It was a potion of mutation.
You feel extremely strange.
You feel agile.
You feel robust.
You feel yourself wasting away.
You feel agile.
* * * LOW HITPOINT WARNING * * *
You feel sick. The adder bites you.
* * * LOW HITPOINT WARNING * * *
It was a potion of brilliance.
You feel clever all of a sudden.
* * * LOW HITPOINT WARNING * * *
You feel sick. The adder completely misses you.
The adder bites you but does no damage.
It was a potion of invisibility.
You fade into invisibility!
* * * LOW HITPOINT WARNING * * *
You feel sick. The adder bites you.
You die...

#....# #..### #..### #....#
##### #####.#.##
#######.... #...#....#
#...<.#.### #........#
#.#.#.#.# #
#....###.####.#.).#.# #
##....#@.......#####.###
#.....#S......[.........
#......######..#####.###
####......'..............##
#.........#######.#####..##
#.##.#........# #..# #..##
#.##.+........# ##.# #..##
#.####........# #.# ##....
#.......#.....# #.###...#.


You could see an adder.

Vanquished Creatures
  A dart slug (D:1)
  3 ball pythons (D:1)
  5 endoplasms (D:1)
  3 giant cockroaches
  3 goblins
  3 hobgoblins
  6 jackals
  A quokka (D:1)
  2 bats
  2 frilled lizards (D:1)
29 creatures vanquished.

Notes
Turn   | Place    | Note
-------+----------+-------------------------------------------
     0 | D:1      | Infinimo the Ogre Gladiator began the quest for the Orb.
     0 | D:1      | Reached XP level 1. HP: 22/22 MP: 1/1
   143 | D:1      | Found a faded altar of an unknown god.
   162 | D:1      | Reached XP level 2. HP: 23/31 MP: 2/2
   525 | D:1      | Reached XP level 3. HP: 33/37 MP: 3/3
  1239 | D:2      | Found a white marble altar of Elyvilon.
  1445 | D:2      | Gained mutation: You are agile. (Dex +2) [potion of
                  | mutation]
  1445 | D:2      | Gained mutation: You are robust. (+10% HP) [potion of
                  | mutation]
  1445 | D:2      | Gained mutation: Your body sometimes deteriorates upon
                  | taking damage. [potion of mutation]
  1445 | D:2      | Gained mutation: You are very agile. (Dex +4) [potion of
                  | mutation]
  1447 | D:2      | HP: 2/40 [poisoned by an adder]
  1447 | D:2      | Slain by an adder

Illustrated notes

Levels and vault maps discovered:
D:1:      sevenhm_arrival_forest_fort_small_3, layout_rooms,
          dreamdust_ecumenical_altar_statues
D:2:      layout_basic, basic_altar
D:3:      layout_loops_ring, gammafunk_ghost_icy, cheibrodos_sewer_entry_bend,
          minmay_lizard_king

Skill      XL: |  1 |
---------------+----+-----
Fighting       | 3 |  3.5
Maces & Flails | 3 |  3.6
Throwing       | |  2.0
Dodging        | |  2.6

Action                   || total
-------------------------++-------
Melee: Flail             ||    88
       Punch             ||     2
  Use: Potion            ||     3
Armor: Robe              ||    38
Dodge: Dodged            ||    56
